 Dungeon Crawl Stone Soup version 0.28-a0-1613-gdaab1c2f9b (webtiles) character file.

Game seed: 10705028299817877703

3154 a3don the Ruffian (level 9, 0/83 (85) HPs)
             Began as a Troll Hunter on Jan 22, 2022.
             Was a Follower of Nemelex Xobeh.
             Succumbed to a hornet's poison
             ... on level 7 of the Dungeon.
             The game lasted 00:13:07 (5701 turns).

a3don the Ruffian (Troll Hunter)                    Turns: 5701, Time: 00:13:07

HP:   0/83 (85)     AC:  4    Str: 22    XL:     9   Next: 62%
MP:   12/12         EV: 10    Int: 11    God:    Nemelex Xobeh [*.....]
Gold: 238           SH:  0    Dex: 10    Spells: 13/13 levels left

rFire   . . .      SeeInvis .     - Unarmed
rCold   . . .      Faith    .   (no shield)
rNeg    . . .      Spirit   .   b - +0 robe
rPois   .          Reflect  .   (helmet restricted)
rElec   .          Harm     .   n - scarf {+Inv}
rCorr   .          Rampage  .   (gloves unavailable)
Will    .....                   (boots unavailable)
Stlth   +.........              (no amulet)
HPRegen 1.03/turn               (no ring)
MPRegen 0.13/turn               (no ring)

@: lethally poisoned (0 -> -21), slowed, lightly drained, very slow
A: large, unfitting armour, claws 3, regeneration 1, shaggy fur 1, tough skin 1
a: Renounce Religion, Evoke Invisibility, Draw Escape, Draw Destruction, Draw
Summoning


You were on level 7 of the Dungeon.
You worshipped Nemelex Xobeh.
Nemelex Xobeh was aware of your devotion.
You visited 1 branch of the dungeon, and saw 7 of its levels.

You collected 238 gold pieces.

Inventory:

Hand Weapons
 a - a +0 short sword
 m - a +1 hunting sling of flaming
 B - the +2 shortbow "Roaschoeresm" {flame, Str+5 Dex+2}
   (You found it on level 5 of the Dungeon)

   Any ammunition fired from it burns those it strikes, dealing additional fire
   damage.
   Str:       It affects your strength (+5).
   Dex:       It affects your dexterity (+2).
 F - a +1 whip of freezing
 H - a +1 vorpal falchion
 J - a +2 flail of protection
 L - a +2 rapier of holy wrath
 Q - a +2 halberd of freezing
Missiles
 c - 5 large rocks (quivered)
 d - a throwing net
 h - 12 poisoned darts
 l - 118 stones
 p - 13 sling bullets
 y - 6 boomerangs
Armour
 b - a +0 robe (worn)
 n - a scarf of invisibility (worn)
Magical Staves
 I - a staff of poison
Jewellery
 g - a ring of willpower
 r - a ring of protection from cold
 t - an amulet of magic regeneration
 u - a ring of protection from fire
 K - a ring of flight
Wands
 v - a wand of acid (1)
 A - a wand of flame (15)
 E - a wand of charming (3)
 N - a wand of polymorph (11)
Scrolls
 f - 3 scrolls of teleportation {unknown}
 i - 3 scrolls of fog {unknown}
 k - 9 scrolls of identify {unknown}
 s - 2 scrolls of immolation {unknown}
 w - a scroll of summoning {unknown}
 x - a scroll of acquirement {unknown}
 D - 2 scrolls of holy word {unknown}
 M - a scroll of blinking {unknown}
Potions
 e - 4 potions of curing
 j - a potion of haste {unknown}
 o - a potion of brilliance {unknown}
 q - a potion of magic {unknown}
 z - a potion of flight {unknown}
 C - a potion of invisibility {unknown}
 G - a potion of mutation {unknown}
 O - a potion of lignification {unknown}
 P - a potion of attraction {unknown}


   Skills:
 + Level 4.5 Fighting
 - Level 3.6 Throwing
 + Level 4.4 Dodging
 - Level 0.3 Stealth
 * Level 7.1 Unarmed Combat
 + Level 2.9 Spellcasting
 + Level 3.5 Conjurations
 * Level 2.0 Invocations
 + Level 3.3 Evocations


You had 13 spell levels left.
You didn't know any spells.
Your spell library contained the following spells:

 Spells                   Type           Power      Damage    Failure   Level
 Magic Dart               Conj           36%        1d4       6%          1
 Searing Ray              Conj           18%        2d5       10%         2
 Animate Skeleton         Necr           2%         N/A       26%         1
 Pain                     Necr           4%         1d4       26%         1
 Ensorcelled Hibernation  Hex/Ice        2%         N/A       38%         2
 Spider Form              Tmut/Pois      1%         N/A       63%         3
 Vampiric Draining        Necr           1%         2d6       63%         3
 Fulminant Prism          Conj/Hex       2%         3d6       77%         4
 Anguish                  Hex/Necr       0%         N/A       95%         4


Dungeon Overview and Level Annotations

Branches:
Dungeon (7/15)             Temple (0/1) D:4

Altars:
Fedhas
Gozag
Nemelex Xobeh
Trog
Vehumet
Zin

Shops:
D:1 *


Innate Abilities, Weirdness & Mutations

You are too large for most types of armour.
You have claws for hands.
Your natural rate of healing is unusually fast.
You are covered in fur. (AC +1)
You have tough skin. (AC +1)


Message History

You barely miss the hornet.
You feel yourself speed up.
You feel very sick. The hornet stings you.
You are more poisoned.
You feel yourself slow down. The hornet closely misses you.
You barely miss the hornet.
You feel very sick. The hornet closely misses you.
The white imp gestures at you. The puff of frost hits you.
The hornet closely misses you. The white imp gestures at you.
The puff of frost hits you!
You scratch the hornet. Your claw misses the hornet.
The hornet is lightly wounded.
You feel yourself speed up.
You feel very sick. The hornet misses you. The white imp gestures at you.
The puff of frost misses you.
The hornet stings you but does no damage.
You mangle the hornet!!
The hornet is almost dead.
You feel sick. The hornet misses you. The white imp closely misses you.
You scratch the hornet.
The hornet is almost dead.
You feel sick. The hornet stings you!
You are more poisoned.
You feel yourself slow down. The white imp gestures at you.
The puff of frost hits you.
* * * LOW HITPOINT WARNING * * *
The hornet stings you!
* * * LOW HITPOINT WARNING * * *
You are more poisoned.
You feel as though you will be slow longer.
You claw the hornet!
You kill the hornet!
You die...
Your body disappears without a glow.

#.#.# #.#.# #.#
## .# #.# (# ..
#.# #.#### .. #.#
.....# ## #.#
##.....##
#)######†5......
##)##....@.....#
#..............#
#............?...
#................
#####.........(..
##........##.
#.#.....##
...#...##
##.###.##


You could see a white imp.

Vanquished Creatures
  Pikel (D:5)
  Grinder (D:5)
  A hornet (D:7)
  Menkaure (D:7)
  Edmund (D:5)
  Duvessa (D:6)
  2 ogres
  2 black bears
  2 phantoms (D:6)
  3 lemures (D:5)
  4 bullfrogs
  A wyvern zombie (D:5)
  3 scorpions
  2 wyvern skeletons
  2 water moccasin skeletons
  Dowan (D:6)
  4 wights (D:7)
  A centaur zombie (D:7)
  A bullfrog skeleton (D:5)
  5 hounds
  3 jellies
  2 orc priests (D:6)
  2 iguanas
  4 orc wizards
  Natasha (thrice) (D:4)
  7 adders
  3 worms
  2 dart slugs
  17 orcs
  5 endoplasms
  2 giant cockroaches
  3 goblins
  3 hobgoblins
  4 jackals
  6 quokkas
  6 ball pythons
  10 bats
  2 frilled lizards
  5 kobolds
  8 rats
136 creatures vanquished.

Notes
Turn   | Place    | Note
-------+----------+-------------------------------------------
     0 | D:1      | a3don the Troll Hunter began the quest for the Orb.
     0 | D:1      | Reached XP level 1. HP: 19/19 MP: 0/0
   252 | D:1      | Reached skill level 1 in Unarmed Combat
   417 | D:1      | Reached XP level 2. HP: 28/28 MP: 1/1
   682 | D:1      | Found Miuxugh's General Store.
   809 | D:2      | Reached XP level 3. HP: 27/35 MP: 2/2
   990 | D:2      | Reached skill level 2 in Unarmed Combat
  1447 | D:3      | Reached XP level 4. HP: 31/42 MP: 3/3
  2041 | D:4      | Reached XP level 5. HP: 46/49 MP: 5/5
  2082 | D:4      | Found a staircase to the Ecumenical Temple.
  2093 | D:4      | Reached skill level 1 in Conjurations
  2112 | D:4      | Noticed Natasha
  2116 | D:4      | Killed Natasha
  2119 | D:4      | Noticed Natasha
  2128 | D:4      | Killed Natasha
  2129 | D:4      | Reached skill level 3 in Unarmed Combat
  2129 | D:4      | Reached skill level 1 in Spellcasting
  2190 | D:4      | Noticed an ogre
  2195 | D:4      | Killed an ogre
  2196 | D:4      | Reached skill level 1 in Evocations
  2196 | D:4      | Reached XP level 6. HP: 59/59 MP: 6/6
  2389 | D:4      | Found a bloodstained altar of Trog.
  2467 | D:4      | Found a glowing silver altar of Zin.
  2468 | D:4      | Found an opulent altar of Gozag.
  2557 | D:4      | Noticed Natasha
  2560 | D:4      | Killed Natasha
  2691 | D:5      | Entered Level 5 of the Dungeon
  2691 | D:5      | Noticed Grinder
  2698 | D:5      | Killed Grinder
  2699 | D:5      | Reached skill level 4 in Unarmed Combat
  2699 | D:5      | Reached XP level 7. HP: 67/67 MP: 6/8
  2706 | D:5      | Identified the +2 shortbow "Roaschoeresm" {flame, Str+5
                  | Dex+2}
  3053 | D:5      | Found a sparkling altar of Nemelex Xobeh.
  3117 | D:5      | Reached XP level 8. HP: 12/75 MP: 9/9
  3241 | D:5      | Noticed Pikel
  3291 | D:5      | Killed Pikel
  3292 | D:5      | Reached skill level 5 in Unarmed Combat
  3424 | D:5      | Became a worshipper of Nemelex Xobeh the Trickster
  3622 | D:5      | Noticed Edmund
  3640 | D:5      | Killed Edmund
  3641 | D:5      | Reached skill level 6 in Unarmed Combat
  4240 | D:6      | Noticed Dowan
  4241 | D:6      | Noticed Duvessa
  4262 | D:6      | Killed Duvessa
  4263 | D:6      | Reached XP level 9. HP: 63/84 MP: 11/11
  4268 | D:6      | Killed Dowan
  4884 | D:6      | Reached * piety under Nemelex Xobeh
  5036 | D:6      | Received a gift from Nemelex Xobeh
  5401 | D:7      | Reached skill level 1 in Invocations
  5462 | D:7      | Reached skill level 7 in Unarmed Combat
  5472 | D:7      | Found a radiant altar of Vehumet.
  5480 | D:7      | Found a blossoming altar of Fedhas.
  5497 | D:7      | Noticed Menkaure
  5504 | D:7      | Killed Menkaure
  5701 | D:7      | Succumbed to a hornet's poison

Illustrated notes

Levels and vault maps discovered:
D:1:      nzn_arrival_settlement, layout_loops_corners, serial_shops, shop,
          minmay_pentomino_o4
D:2:      kennysheep_six_static_rooms, layout_rooms
D:3:      layout_basic
D:4:      layout_loops_ring, grunt_temple_overflow_gold_and_silver,
          mainiacjoe_overflow_cross_hatched, minmay_temple_entry_antechambers,
          uniq_natasha
D:5:      layout_loops_ring, mainiacjoe_overflow_small_starburst, uniq_grinder,
          uniq_edmund, uniq_pikel
D:6:      layout_loops_corners, lemuel_flamethrower_2, uniq_duvessa
D:7:      layout_loops_ring, nicolae_overflow_squiral, nicolae_shop_fire_sale
          [nicolae_sub_dead_trees], uniq_menkaure, uniq_crazy_yiuf_cottage

Skill      XL: |  1  2  3  4  5  6  7  8  9 |
---------------+----------------------------+-----
Unarmed Combat | 1 2 3 4 6 7 |  7.1
Fighting       | 2 3 4 |  4.5
Dodging        | 2 3 4 |  4.4
Conjurations   | 1 2 3 |  3.5
Spellcasting   | 1 2 |  2.9
Evocations     | 1 2 3 |  3.3
Invocations    | 2 |  2.0
Throwing       | |  3.6
Stealth        | |  0.3

Action                   |  1- 3 |  4- 6 |  7- 9 || total
-------------------------+-------+-------+-------++-------
Melee: Unarmed           |   124 |   171 |   256 ||   551
       Short sword       |     3 |       |       ||     3
       Punch             |     2 |     3 |     6 ||    11
Throw: Large rock        |       |     1 |     1 ||     2
       Throwing net      |       |     1 |       ||     1
 Stab: Held in net/web   |       |     1 |       ||     1
       Distracted        |       |       |     1 ||     1
Armor: Robe              |    67 |    39 |    48 ||   154
Dodge: Dodged            |   102 |    74 |   112 ||   288

Table legend: (Time is in decaauts)
 A = Elapsed time spent in this place.
 B = Non-inter-level travel time spent in this place.
 C = Inter-level travel time spent in this place.
 D = Time resting spent in this place.
 E = Time spent auto-exploring this place.
 F = Levels seen in this place.
 G = Mean time per level.
                   A        B        C        D        E       F      G
               +--------+--------+--------+--------+--------+-----+--------+
         Total |   5665 |   5502 |    163 |    771 |   3588 |   7 |  809.3 |
       Dungeon |   5665 |   5502 |    163 |    771 |   3588 |   7 |  809.3 |
               +--------+--------+--------+--------+--------+-----+--------+

Top non-repeatable levels by time:
     D:6: 1519 daAuts
     D:5: 1150 daAuts
     D:1: 762 daAuts
     D:4: 726 daAuts
     D:3: 638 daAuts
     D:2: 553 daAuts
     D:7: 314 daAuts
